 Dungeon Crawl Stone Soup version 0.30.1-11-g7821555f0a (webtiles) character file.

Game seed: 3757412871329382401

476 Lukaschki the Slasher (level 6, -10/56 HPs)
             Began as a Minotaur Fighter on Jan 7, 2024.
             Was an Initiate of the Shining One.
             Mangled by a gnoll sergeant
             ... wielding a +0 trident of venom
              (11 damage)
             ... on level 5 of the Dungeon.
             The game lasted 00:50:35 (4216 turns).

Lukaschki the Slasher (Minotaur Fighter)            Turns: 4216, Time: 00:50:36

Health: -10/56     AC:  9    Str: 22    XL:     6   Next: 85%
Magic:  5/5        EV:  8    Int:  5    God:    the Shining One [......]
Gold:   206        SH:  4    Dex: 10    Spells: 5/5 levels left

rFire   . . .        a - +0 long sword
rCold   . . .        c - +0 buckler
rNeg    . . .        u - +0 chain mail
rPois   .            (helmet restricted)
rElec   .            (no cloak)
rCorr   .            (no gloves)
SInv    .            (no boots)
Will    .....        (no amulet) Stlth
                     (no ring)
HPRegen 0.29/turn    (no ring)
MPRegen 0.09/turn

%: no passive effects
@: lethally poisoned (-10 -> -19), about to teleport, glowing
A: horns 2, retaliatory headbutt
a: Renounce Religion


You were on level 5 of the Dungeon.
You worshipped the Shining One.
The Shining One was noncommittal.
You visited 1 branch of the dungeon, and saw 5 of its levels.

You collected 260 gold pieces.
You spent 54 gold pieces at shops.

Inventory:

Hand Weapons
 a - a +0 long sword (weapon)
 j - a +0 falchion
 k - a +0 short sword
 l - a +0 dagger
 m - a +0 spear
 n - a +2 dagger of venom
 r - a +1 vampiric whip
 w - a +0 short sword of protection
Missiles
 o - 31 stones (quivered)
Armour
 b - a +0 scale mail
 c - a +0 buckler (worn)
 g - a +0 ring mail
 u - a +0 chain mail (worn)
Magical Staves
 s - a staff of earth
Jewellery
 i - a ring of ice
Scrolls
 d - 2 scrolls of identify
 e - a scroll of amnesia
 q - a scroll of teleportation
 t - a scroll of magic mapping
 x - a scroll of poison
Potions
 f - 2 potions of degeneration
 h - a potion of mutation {unknown}
 p - 2 potions of cancellation


   Skills:
 + Level 5.2 Fighting
 + Level 6.3 Long Blades
 - Level 0.2 Throwing
 + Level 5.2 Armour
 + Level 1.3 Dodging
 + Level 4.4 Shields


You had 5 spell levels left.
You didn't know any spells.
Your spell library contained the following spells:

 Spells                   Type           Power      Damage    Failure   Level
 Slow                     Hex            0%         N/A       98%         1
 Confusing Touch          Hex            0%         N/A       100%        3
 Inner Flame              Hex/Fire       0%         N/A       100%        3
 Vampiric Draining        Necr           0%         2d6       100%        3
 Yara's Violent Unravell  Hex/Tmut       0%         3d3       100%        5
 Enfeeble                 Hex            0%         N/A       100%        7


Dungeon Overview and Level Annotations

Branches:
Dungeon (5/15)
 Temple: D:4-7

Altars:
Nemelex Xobeh
The Shining One

Shops:
D:3 [:   D:4 =


Innate Abilities, Weirdness & Mutations

You have a pair of horns on your head.
You reflexively headbutt those who attack you in melee.


Message History

A gnoll sergeant comes into view. It is wielding a +0 trident of venom.
The gnoll sergeant shouts!
You hit the scorpion.
The scorpion is lightly wounded.
The scorpion closely misses you. You furiously retaliate!
You headbutt the scorpion!
The gnoll sergeant hits you from afar with a +0 trident of venom!
You are poisoned.
The scorpion stings you but does no damage.
You hit the scorpion.
You kill the scorpion!
You feel very sick.
The gnoll sergeant hits you from afar with a +0 trident of venom!
You are more poisoned.
Unknown command.
You feel very sick. You block the gnoll sergeant's attack.
You feel very sick. The gnoll sergeant closely misses you.
A gnoll comes into view. It is wielding a +0 spear.
You feel very sick. The gnoll sergeant barely misses you.
You furiously retaliate!
You headbutt the gnoll sergeant. The gnoll sergeant blocks your attack.
The gnoll sergeant is lightly wounded.
You feel sick.
The gnoll hits you from afar with a +0 spear.
The gnoll sergeant hits you with a +0 trident of venom.
* * * LOW HITPOINT WARNING * * *
You are lethally poisoned!
* * * LOW HITPOINT WARNING * * *
You feel very sick.
The gnoll sergeant hits you from afar with a +0 trident of venom!
* * * LOW HITPOINT WARNING * * *
As you read the scroll of teleportation, it crumbles to dust.
You feel strangely unstable.
* * * LOW HITPOINT WARNING * * *
You feel very sick.
The gnoll sergeant hits you from afar with a +0 trident of venom!
You die...

...# #..# ##..# . ...#
... #g.######.
.....#####.........
.....l......# .
...########.######....
#....gg.@.......
#<##########.... #.# #
#.# #.# #.# #.# #.#
#.#


You could see a gnoll sergeant and a gnoll.

Vanquished Creatures
  A water moccasin (D:5)
  A scorpion (D:5)
  An orc priest (D:4)
  A gnoll bouda (D:4)
  3 orc wizards (D:4)
  4 gnolls (D:4)
  5 adders
  A worm (D:4)
  5 dart slugs
  11 orcs
  3 endoplasms
  5 giant cockroaches
  7 goblins
  5 hobgoblins
  7 jackals
  2 quokkas (D:4)
  4 ball pythons
  4 bats
  A frilled lizard (D:2)
  8 kobolds
  3 rats
82 creatures vanquished.

Notes
Turn   | Place    | Note
-------+----------+-------------------------------------------
     0 | D:1      | Lukaschki the Minotaur Fighter began the quest for the Orb.
     0 | D:1      | Reached XP level 1. HP: 19/19 MP: 0/0
   128 | D:1      | Found a faded altar of an unknown god.
   181 | D:1      | Reached XP level 2. HP: 27/27 MP: 1/1
   641 | D:1      | Reached skill level 3 in Long Blades
  1020 | D:2      | Reached XP level 3. HP: 29/33 MP: 2/2
  1790 | D:3      | Reached skill level 4 in Long Blades
  1909 | D:3      | Reached XP level 4. HP: 40/40 MP: 3/3
  1937 | D:3      | Found Doskaus's Book Shoppe.
  1978 | D:3      | Learned a level 3 spell: Inner Flame
  2170 | D:3      | Found a sparkling altar of Nemelex Xobeh.
  2247 | D:3      | Found Teez's Armour Emporium.
  2257 | D:3      | Bought a +0 chain mail for 54 gold pieces
  2342 | D:3      | Found a glowing golden altar of the Shining One.
  2363 | D:3      | Became a worshipper of the Shining One
  2758 | D:4      | Found Ziw Nugo's Jewellery Boutique.
  2805 | D:4      | Reached skill level 5 in Long Blades
  2805 | D:4      | Reached XP level 5. HP: 39/47 MP: 4/4
  3251 | D:4      | Reached XP level 6. HP: 45/55 MP: 5/5
  3259 | D:4      | Reached skill level 5 in Fighting
  3475 | D:4      | Reached skill level 1 in Dodging
  4162 | D:5      | Entered Level 5 of the Dungeon
  4190 | D:5      | Noticed a water moccasin
  4193 | D:5      | Killed a water moccasin
  4194 | D:5      | Reached skill level 6 in Long Blades
  4194 | D:5      | Reached skill level 5 in Armour
  4216 | D:5      | HP: 1/56 [poisoned by a gnoll sergeant]
  4216 | D:5      | Mangled by a gnoll sergeant

Illustrated notes

Levels and vault maps discovered:
D:1:      dpeg_arrival_concentric_ovals, layout_rooms, basic_ecumenical_altar,
          serial_glass, glass_columns_c, glass_columns_a, minmay_misc_feat_x,
          nicolae_figureground_sparkle
D:2:      layout_loops_corners, mrwooster_statue_mirror
D:3:      minmay_wonky_spiral, layout_rooms, nemelex_diamond_rough_becter,
          nicolae_tso_carved_into_rock, serial_shops, shop, shop_fountains
D:4:      layout_basic, serial_shops, shop
D:5:      layout_basic, chequers_temple_overflow_statue_of_worship,
          uniq_crazy_yiuf_cottage

Skill      XL: |  1  2  3  4  5  6 |
---------------+-------------------+-----
Long Blades    | 3 4 5 6 |  6.3
Armour         | 4 5 |  5.2
Fighting       | 4 5 |  5.2
Shields        | 4 |  4.4
Dodging        | 1 |  1.3
Throwing       | |  0.2

Action                     |  1- 3 |  4- 6 || total
---------------------------+-------+-------++-------
  Melee: Long sword        |   102 |   135 ||   237
         Headbutt          |    11 |    20 ||    31
  Throw: Stone             |    17 |       ||    17
    Use: Scroll            |     4 |     5 ||     9
         Potion            |       |     2 ||     2
 Armour: Scale mail        |    34 |     4 ||    38
         Chain mail        |       |    67 ||    67
  Dodge: Dodged            |    51 |    56 ||   107
  Block: Buckler           |    24 |    32 ||    56
